 Dungeon Sprint DCSS version 0.23.1 (webtiles) character file.

Game seed: 12923186857603363223

3786 nuthulu the Grappler (level 9, -15/102 HPs)
             Began as a Troll Monk on Mar 6, 2019.
             Was a High Priest of Qazlal.
             Demolished by Agnes
             ... wielding a +0 lajatang
              (37 damage)
             ... in the Dungeon (Sprint IV: "Fedhas' Mad Dash").
             The game lasted 00:04:00 (1806 turns).

nuthulu the Grappler (Troll Monk)                   Turns: 1806, Time: 00:04:01

Health: -15/102    AC: 10    Str: 24    XL:     9   Next: 95%
Magic:  6/13       EV: 15    Int:  6    God:    Qazlal [*****.]
Gold:   35         SH:  6    Dex: 12    Spells: 8/8 levels left

rFire    . . .     SeeInvis .     - Unarmed
rCold    . . .     Gourm    +   (no shield)
rNeg     . . .     Faith    .   a - +0 robe
rPois    .         Spirit   .   (helmet restricted)
rElec    .         Reflect  .   l - +0 cloak
rCorr    .         Harm     .   (gloves unavailable)
MR       .....     NoTele   +   (boots unavailable)
Stlth    +.........             i - amulet of invisibility {+Inv}
HPRegen  0.67/turn              (no ring)
MPRegen  0.13/turn              (no ring)

@: protected from physical damage, repel missiles
A: large, unfitting armour, claws 3, fast metabolism 3, gourmand, regeneration
1, shaggy fur 1, tough skin 3
a: Upheaval, Elemental Force, Disaster Area, Renounce Religion, Evoke
Invisibility


You were in the Dungeon.
You worshipped Qazlal.
Qazlal was extremely pleased with you.
You were full.

You visited 1 branch You collected 196 gold pieces.
You spent 161 gold pieces at shops.

Inventory:

Armour
 a - a +0 robe (worn)
 l - a +0 cloak (worn)
Jewellery
 i - the amulet of invisibility (around neck) {+Inv}
   (You found it in the Dungeon)

   [amulet of nothing]

   It lets you turn invisible.
Scrolls
 h - a scroll of blinking
 j - a scroll of identify {unknown}
 k - a scroll of fear {unknown}
 m - a scroll of remove curse {unknown}
Potions
 c - a potion of curing
 d - 3 potions of heal wounds
 e - a potion of haste
 f - 2 potions of magic
 g - a potion of berserk rage


   Skills:
 + Level 10.9 Fighting
 + Level 10.9 Dodging
 - Level 1.0 Stealth
 + Level 12.7 Unarmed Combat
 + Level 7.4 Invocations


You had 8 spell levels left.
You didn't know any spells.
Your spell library was empty.

Dungeon Overview and Level Annotations

Branches:
Dungeon (1/1)

Altars:
Cheibriados
Dithmenos
Elyvilon
Gozag
Hepliaklqana
Kikubaaqudgha
Makhleb
Nemelex Xobeh
Okawaru
Qazlal
Ru
Sif Muna
Trog
Uskayaw
Vehumet
Wu Jian
Xom
Yredelemnul
Zin
The Shining One
Beogh
Jiyva
Lugonu

Shops:
D ![*[

Annotations:
D exclusion: oklob plant, Agnes


Innate Abilities, Weirdness & Mutations

You are too large for most types of armour.
You have claws for hands.
Your metabolism is lightning-fast.
You like to eat raw meat.
Your natural rate of healing is unusually fast.
You are covered in fur. (AC +1)
You have extremely tough skin. (AC +3)


Message History

Unknown command.
Unknown command.
Unknown command.
Unknown command.
Unknown command.
You can't see any clouds you can empower.
Unknown command.
Unknown command.
Agnes rages.
Agnes hits you with a +0 lajatang!!
You feel more protected from physical attacks.
There is an open door, spattered with blood here.
Agnes closely misses you.
Unknown command.
You scratch Agnes.
Agnes is heavily wounded.
Agnes hits you with a +0 lajatang!!!
* * * LOW HITPOINT WARNING * * *
Agnes hits you with a +0 lajatang!!!
You die...

.#.....#.⌠._._._._.⌠.#..)...#....
.+.#...'.._._._._._..'.)#...#....
.#.#...#..._._._._...#..###'##..(
#####'##.._._._._._..#.)##∩∩.'...
...'...#._._._._._.⌠.############
...#...################***,,,,,,*
..######♣♣♣♣♣..♣(###.',,+,,,,,,,+
####).'[.....♣..♣#*P.#,,*,,,,,,,*
.....)#♣..♣♣♣.♣○@###.#*+**,,,,,,*
......#.♣♣..♣...♣ii.$#*,*********
########*#############,,,,,****
,,,,,,,,,,,,,* ***,,*,,*,,,,***
,,,,,,,,,,,,,*****,,,*,,,,,,*,,,*
,,,,,,,,,,,,,,,,,,,,,,*,,,,,∩,∩,,
,,,,,,,,,,,,,,,******************
*+************** ******* *******
,,,,,,* ***,,*****,,,∩∩***,,,,,**


You could see Agnes (berserk) and a spriggan.

Vanquished Creatures
  A spriggan druid (D)
  2 oklob plants (D)
  2 moths of wrath (D)
  3 burning bushes (D)
  A queen bee (D)
  3 wandering mushrooms (D)
  2 scorpions (D)
  4 killer bees (D)
  5 oklob saplings (D)
  A worker ant (D)
  2 spriggans (D)
  A river rat (D)
  A rat (D)
28 creatures vanquished.

Vanquished Creatures (others)
  A ballistomycete (D)
  2 ballistomycete spores (D)
3 creatures vanquished.

Grand Total: 31 creatures vanquished

Notes
Turn   | Place    | Note
-------+----------+-------------------------------------------
     0 | D        | nuthulu the Troll Monk began the quest for the Orb.
     0 | D        | Reached XP level 1. HP: 22/22 MP: 0/0
    20 | D        | Reached XP level 2. HP: 7/31 MP: 1/1
   174 | D        | Noticed an oklob sapling
   180 | D        | Killed an oklob sapling
   180 | D        | Reached skill level 4 in Unarmed Combat
   180 | D        | Reached XP level 3. HP: 16/39 MP: 2/2
   301 | D        | Found the amulet of invisibility {+Inv}
   306 | D        | Reached skill level 5 in Unarmed Combat
   376 | D        | Noticed an oklob sapling
   379 | D        | Killed an oklob sapling
   379 | D        | Reached XP level 4. HP: 49/49 MP: 3/3
   393 | D        | Found an opulent altar of Gozag.
   393 | D        | Found a hazy altar of Hepliaklqana.
   393 | D        | Found a burning altar of Makhleb.
   393 | D        | Found a roughly hewn altar of Beogh.
   393 | D        | Found a sparkling altar of Nemelex Xobeh.
   393 | D        | Found a snail-covered altar of Cheibriados.
   393 | D        | Found a sacrificial altar of Ru.
   393 | D        | Found a deep blue altar of Sif Muna.
   393 | D        | Found a shimmering altar of Xom.
   393 | D        | Found a basalt altar of Yredelemnul.
   394 | D        | Found a viscous altar of Jiyva.
   394 | D        | Found a bloodstained altar of Trog.
   394 | D        | Found an ornate altar of the Wu Jian Council.
   395 | D        | Found an iron altar of Okawaru.
   395 | D        | Found a shadowy altar of Dithmenos.
   395 | D        | Found a glowing silver altar of Zin.
   396 | D        | Found an ancient bone altar of Kikubaaqudgha.
   396 | D        | Found a hide-covered altar of Uskayaw.
   397 | D        | Found a stormy altar of Qazlal.
   397 | D        | Found a white marble altar of Elyvilon.
   397 | D        | Found a glowing golden altar of the Shining One.
   398 | D        | Found a corrupted altar of Lugonu.
   398 | D        | Found a radiant altar of Vehumet.
   404 | D        | Reached skill level 5 in Fighting
   404 | D        | Reached skill level 5 in Dodging
   404 | D        | Reached skill level 6 in Unarmed Combat
   422 | D        | Became a worshipper of Qazlal Stormbringer
   422 | D        | Reached * piety under Qazlal
   422 | D        | Reached ** piety under Qazlal
   513 | D        | Reached XP level 5. HP: 59/59 MP: 4/4
   528 | D        | Reached skill level 7 in Unarmed Combat
   531 | D        | Reached *** piety under Qazlal
   573 | D        | Found Velefeh's Antique Armour Shop.
   573 | D        | Found Tackeuc's Distillery.
   578 | D        | Bought a cloak for 112 gold pieces
   586 | D        | Noticed a burning bush
   586 | D        | Noticed a wandering mushroom
   592 | D        | Noticed a wandering mushroom
   594 | D        | Reached skill level 8 in Unarmed Combat
   594 | D        | Reached XP level 6. HP: 62/68 MP: 5/5
   602 | D        | Killed a wandering mushroom
   602 | D        | Reached skill level 9 in Unarmed Combat
   769 | D        | Killed a wandering mushroom
   769 | D        | Reached XP level 7. HP: 80/80 MP: 6/6
   780 | D        | Killed a burning bush
   780 | D        | Reached skill level 10 in Unarmed Combat
   786 | D        | Found Caikol's Armour Emporium.
   786 | D        | Found Qeakuyg's General Store.
   832 | D        | Noticed a queen bee
   844 | D        | Reached **** piety under Qazlal
   852 | D        | Reached skill level 1 in Invocations
   863 | D        | Killed a queen bee
   863 | D        | Reached XP level 8. HP: 44/92 MP: 6/8
   866 | D        | Reached ***** piety under Qazlal
  1101 | D        | Noticed an oklob plant
  1111 | D        | Killed an oklob plant
  1111 | D        | Reached skill level 11 in Unarmed Combat
  1292 | D        | Noticed a burning bush
  1299 | D        | Killed a burning bush
  1349 | D        | Bought a scroll of magic mapping for 49 gold pieces
  1396 | D        | Noticed a burning bush
  1396 | D        | Noticed an oklob plant
  1397 | D        | Noticed a wandering mushroom
  1498 | D        | Killed a burning bush
  1498 | D        | Reached skill level 10 in Fighting
  1498 | D        | Reached skill level 10 in Dodging
  1498 | D        | Reached skill level 5 in Invocations
  1498 | D        | Reached XP level 9. HP: 76/101 MP: 3/11
  1509 | D        | Killed an oklob plant
  1509 | D        | Reached skill level 12 in Unarmed Combat
  1721 | D        | Noticed a spriggan druid
  1724 | D        | Noticed a moth of wrath
  1728 | D        | Killed a spriggan druid
  1732 | D        | Noticed a moth of wrath
  1734 | D        | Killed a moth of wrath
  1742 | D        | Killed a moth of wrath
  1800 | D        | Noticed an oklob plant conjurer
  1800 | D        | Noticed Agnes
  1806 | D        | Demolished by Agnes

Skill      XL: |  1  2  3  4  5  6  7  8  9 |
---------------+----------------------------+-----
Fighting       | 3 4 5 6 8 9 10 | 10.9
Dodging        | 3 4 5 6 7 9 10 | 10.9
Unarmed Combat | 4 5 6 8 9 10 11 12 | 12.7
Invocations    | 2 5 7 |  7.4
Stealth        | |  1.0

Action                   |  1- 3 |  4- 6 |  7- 9 || total
-------------------------+-------+-------+-------++-------
Melee: Unarmed           |    20 |    27 |    70 ||   117
       Punch             |       |       |     5 ||     5
Invok: Disaster Area     |       |       |     2 ||     2
 Abil: Evoke Invisibilit |       |     1 |       ||     1
  Use: Scroll            |       |       |     1 ||     1
  Eat: Ration            |     1 |       |     3 ||     4
       Chunk             |       |       |     5 ||     5
Armor: Robe              |     3 |       |     3 ||     6
Dodge: Dodged            |     5 |     8 |    32 ||    45
       Deflected         |       |       |     2 ||     2
Block: Other             |       |     2 |    15 ||    17
